 Dungeon Crawl Stone Soup version 0.18.1-48-g4cf74bf (webtiles) character file.

869 Gargoyl the Covered (level 7, 0/55 (56) HPs)
             Began as a Demonspawn Abyssal Knight on Aug 31, 2016.
             Was a Priest of Lugonu.
             Slain by an orc warrior
             ... wielding a +0 battleaxe
              (16 damage)
             ... on level 5 of the Dungeon.
             The game lasted 00:14:16 (6030 turns).

Gargoyl the Covered (Demonspawn Abyssal Knight)     Turns: 6030, Time: 00:14:16

HP:   0/55 (56)     AC: 13    Str: 15    XL:     7   Next: 73%
MP:   8/8           EV:  6    Int: 13    God:    Lugonu [***...]
Gold: 453           SH: 11    Dex: 12    Spells: 0 memorised, 6 levels left

rFire  . . .     SeeInvis .     z - +2 war axe
rCold  + . .     Gourm    .     f - +0 chain mail
rNeg   . . .     Faith    .     C - +0 large shield
rPois  .         Spirit   .     (no helmet)
rElec  .         Dismiss  .     y - +1 cloak
rCorr  .         Reflect  .     (no gloves)
SustAt .         Harm     .     (no boots)
MR     .....                    (no amulet)
Stlth  ..........               (no ring)
                                D - +3 ring of evasion

@: not resistant to hostile enchantments, extremely unstealthy
A: claws 2, rugged brown scales 1, cold resistance 1
a: Depart the Abyss, Bend Space, Banish, Renounce Religion


You were on level 5 of the Dungeon.
You worshipped Lugonu.
Lugonu was most pleased with you.
You were not hungry.

You visited 1 branch of the dungeon, and saw 6 of its levels.
You visited the Abyss 1 time.
You also visited: Sewer and Ossuary.

You collected 453 gold pieces.

Inventory:

Hand Weapons
 z - a +2 war axe (weapon)
Missiles
 t - 2 tomahawks
 A - a tomahawk of dispersal (quivered)
Armour
 f - a +0 chain mail (worn)
 y - a +1 cloak (worn)
 C - a +0 large shield (worn)
Jewellery
 D - a +3 ring of evasion (left claw)
Wands
 a - a wand of slowing (22/48)
 e - a wand of iceblast (8/15)
 r - a wand of flame (31/48)
 w - a wand of polymorph (8/24)
 B - a wand of digging (13/24)
Scrolls
 g - 3 scrolls of teleportation
 o - a scroll of recharging {unknown}
 v - a scroll of noise {unknown}
 x - 2 scrolls of fog {unknown}
 F - 2 scrolls of remove curse
 H - 2 scrolls of identify
 I - a scroll of magic mapping
Potions
 b - a potion of ambrosia {unknown}
 h - a potion of resistance {unknown}
 i - 5 potions of flight
 k - a potion of lignification
 l - a potion of degeneration {unknown}
 m - a potion of invisibility
 n - 2 potions of might {unknown}
 p - 6 potions of curing {unknown}
 s - 2 potions of magic {unknown}
 u - 2 potions of brilliance {unknown}
 E - a potion of agility {unknown}
 G - 2 potions of heal wounds {unknown}
 J - a potion of mutation {unknown}
Books
 d - a book of Flames

   Spells                             Type                      Level
   a - Flame Tongue                   Conjuration/Fire             1
   b - Throw Flame                    Conjuration/Fire             2
   c - Conjure Flame                  Conjuration/Fire             3
   d - Inner Flame                    Hexes/Fire                   3
   e - Sticky Flame                   Conjuration/Fire             4
   f - Fireball                       Conjuration/Fire             5
Comestibles
 c - 3 bread rations
 j - 2 beef jerkies
 q - a meat ration


   Skills:
 + Level 4.9 Fighting
 + Level 3.6 Axes
 * Level 5.7 Armour
 + Level 2.7 Dodging
 + Level 0.2 Stealth
 + Level 1.0 Shields
 + Level 2.6 Invocations


You had 6 spell levels left.
You didn't know any spells.

Dungeon Overview and Level Annotations

Branches:
Dungeon (6/15)             Temple (0/1) D:5

Altars:
Okawaru
Ru


Innate Abilities, Weirdness & Mutations

You have very sharp fingernails.
You are partially covered in rugged brown scales (AC +1, +3% HP).
Your flesh is cold resistant.


Message History

You hit the orc warrior but do no damage.
The orc warrior barely misses you.
You closely miss the orc warrior. You block the orc warrior's attack.
You closely miss the orc warrior.
The orc warrior hits you with a battleaxe!
You hit the orc warrior.
The orc warrior is moderately wounded.
You block the orc warrior's attack.
The orc warrior hits you with a battleaxe.
You closely miss the orc warrior.
The orc warrior is lightly wounded.
The orc warrior hits you with a battleaxe!
You hit the orc warrior.
The orc warrior is moderately wounded.
The orc warrior hits you with a battleaxe!!
* * * LOW HITPOINT WARNING * * *
You closely miss the orc warrior.
The orc warrior is moderately wounded.
The orc warrior hits you with a battleaxe!
You die...

#..### #.....#
#### ##.....# #
###......# #
##.#......#
#.#.....(## #
###....### #
##...### ##
##...## .#
###@o### .###
###..### ...###
##...##
.....######..###
.##....##...##
)####<....### .#
##...## .# ##..#
## #.##


You could see an orc warrior.

Vanquished Creatures
  A necrophage (D:4)
  A big kobold (Sewer)
  The ghost of Orbaz the Covert, an amateur SpAs (Ossuary)
  A howler monkey (D:5)
  A crimson imp (D:5)
  A quasit (D:5)
  A giant frog zombie (D:5)
  3 giant frog skeletons
  A worker ant (D:5)
  An orc wizard (D:4)
  A big kobold zombie (Ossuary)
  A hound skeleton (D:6)
  8 mummies (Ossuary)
  3 gnolls (D:3)
  5 river rats
  3 adders
  2 shadow imps
  2 dart slugs (D:3)
  2 giant geckos
  10 orcs
  2 ball pythons
  3 giant cockroaches
  A gnoll zombie (Ossuary)
  11 goblins
  9 hobgoblins
  12 jackals
  6 kobolds
  3 quokkas
  7 bats
  5 giant newts
  A hobgoblin zombie (Ossuary)
  3 kobold zombies (Ossuary)
  3 orc zombies
  11 rats
126 creatures vanquished.

Vanquished Creatures (others)
  An orc priest (D:6)
1 creature vanquished.

Grand Total: 127 creatures vanquished

Notes
Turn   | Place    | Note
--------------------------------------------------------------
     0 | Abyss:1  | Gargoyl the Demonspawn Abyssal Knight began the quest for the Orb.
     0 | Abyss:1  | Reached XP level 1. HP: 18/18 MP: 2/2
    73 | Abyss:2  | Noticed a neqoxec
    74 | D:1      | Escaped the Abyss
   170 | D:1      | Reached skill level 2 in Armour
   265 | D:1      | Gained mutation: You have sharp fingernails. [demonic ancestry]
   265 | D:1      | Reached XP level 2. HP: 22/24 MP: 3/3
   266 | D:1      | Reached * piety under Lugonu
   330 | D:1      | Reached skill level 1 in Dodging
  1132 | D:2      | Reached XP level 3. HP: 25/29 MP: 4/4
  1553 | D:3      | Gained mutation: You are partially covered in rugged brown scales (AC +1, +3% HP). [demonic ancestry]
  1553 | D:3      | Reached XP level 4. HP: 4/37 MP: 5/5
  1849 | D:3      | Reached ** piety under Lugonu
  1895 | D:3      | Reached skill level 3 in Armour
  2127 | D:3      | Reached XP level 5. HP: 32/43 MP: 6/6
  2955 | D:4      | Got a twisted long sword
  3069 | D:4      | Identified the cursed +1 long sword "Hisaemp" {freeze, rN+ MR- Int+6} (You found it on level 4 of the Dungeon)
  3170 | D:4      | Found a sacrificial altar of Ru.
  3213 | D:4      | Got a crude dagger
  3214 | D:4      | Identified the +3 dagger "Noosutto" {pain, *Drain rPois rF+++ Dex-2} (You found it on level 4 of the Dungeon)
  3339 | D:4      | Noticed a necrophage
  3358 | D:4      | Killed a necrophage
  3358 | D:4      | Reached skill level 4 in Armour
  3358 | D:4      | Gained mutation: You have very sharp fingernails. [demonic ancestry]
  3358 | D:4      | Reached XP level 6. HP: 35/48 MP: 7/7
  3598 | D:5      | Entered Level 5 of the Dungeon
  3620 | D:5      | Found an iron altar of Okawaru.
  3674 | D:5      | Reached *** piety under Lugonu
  3693 | D:5      | Found a glowing drain.
  3706 | Sewer    | Entered a sewer
  4016 | Sewer    | Reached skill level 5 in Armour
  4043 | Sewer    | Found a white marble altar of Elyvilon.
  4189 | D:5      | Gained mutation: Your flesh is cold resistant. [demonic ancestry]
  4189 | D:5      | Reached XP level 7. HP: 54/54 MP: 8/8
  4365 | D:5      | Got a transparent short sword
  4367 | D:5      | Identified the cursed +0 short sword "Pyt Vont" {flame, rElec rC+} (You found it on level 5 of the Dungeon)
  4394 | D:5      | Found a staircase to the Ecumenical Temple.
  5217 | D:6      | Found a sand-covered staircase.
  5227 | Ossuary  | Entered an ossuary
  5238 | Ossuary  | Noticed Orbaz's ghost (amateur SpAs)
  5270 | Ossuary  | Killed Orbaz's ghost
  5481 | Ossuary  | Reached skill level 1 in Shields
  6030 | D:5      | Slain by an orc warrior

Skill      XL: |  1  2  3  4  5  6  7 |
---------------+----------------------+-----
Armour         | 2 3 4 5 |  5.7
Dodging        | 1 2 |  2.7
Axes           | 2 3 |  3.6
Fighting       | 4 |  4.9
Shields        | 1 |  1.0
Stealth        | |  0.2
Invocations    | |  2.6

Action                   |  1- 3 |  4- 6 |  7- 9 || total
-------------------------+-------+-------+-------++-------
Melee: Hand axe          |   113 |   113 |       ||   226
       War axe           |       |   119 |   135 ||   254
Throw: Tomahawk          |       |       |     1 ||     1
Invok: Depart the Abyss  |     1 |       |       ||     1
       Bend Space        |       |       |     2 ||     2
       Banish            |       |       |     1 ||     1
  Use: Potion            |     1 |       |     3 ||     4
       Scroll            |       |     8 |     4 ||    12
  Eat: Chunk             |     2 |     5 |     2 ||     9
       Bread ration      |       |     1 |     2 ||     3
Armor: Chain mail        |    89 |   241 |    71 ||   401
       Skin              |       |       |    11 ||    11
Dodge: Dodged            |    46 |    92 |    22 ||   160
Block: Large shield      |       |     5 |    73 ||    78
